 Dungeon Crawl Stone Soup version 0.21-a0-440-g28109cb (webtiles) character file.

143 mortelune the Covered (level 5, 0/48 HPs)
             Began as a Minotaur Fighter on Nov 11, 2017.
             Slain by a worm (10 damage)
             ... on level 3 of the Dungeon.
             The game lasted 00:06:35 (2160 turns).

mortelune the Covered (Minotaur Fighter)            Turns: 2160, Time: 00:06:36

Health: 0/48       AC:  9    Str: 21    XL:     5   Next: 4%
Magic:  4/4        EV:  8    Int:  5    God:
Gold:   116        SH:  9    Dex: 10    Spells: 4/4 levels left

rFire    . . .     SeeInvis .   a - +1 war axe
rCold    . . .     Gourm    +   c - +0 shield
rNeg     . . .     Faith    .   q - +3 ring mail
rPois    .         Spirit   .   (helmet restricted)
rElec    .         Reflect  .   (no cloak)
rCorr    .         Harm     .   (no gloves)
MR       .....                  (no boots)
Stlth    ..........             o - amulet of the gourmand
HPRegen  0.16/turn              (no ring)
MPRegen  0.09/turn              (no ring)

@: lethally poisoned (0 -> -2)
A: retaliatory headbutt, horns 2
a: no special abilities


You were on level 3 of the Dungeon.
You were very hungry.

You visited 1 branch of the dungeon, and saw 3 of its levels.

You collected 116 gold pieces.

Inventory:

Hand Weapons
 a - a +1 war axe (weapon)
Armour
 b - a +1 scale mail
 c - a +0 shield (worn)
 q - a +3 ring mail (worn)
Jewellery
 o - an amulet of the gourmand (around neck)
Scrolls
 e - 2 scrolls of enchant armour
 g - a scroll of remove curse
 h - a scroll of teleportation {unknown}
 i - a scroll of recharging {unknown}
 p - a scroll of blinking {unknown}
 u - a scroll of amnesia {unknown}
Potions
 d - 2 potions of might
 j - a potion of curing {unknown}
 l - a potion of degeneration {unknown}
 n - 2 potions of agility
 r - 3 potions of brilliance
Comestibles
 f - 2 bread rations
 k - 10 fruits
 s - 3 meat rations


   Skills:
 + Level 5.0 Fighting
 + Level 4.1 Axes
 + Level 5.0 Armour
 - Level 3.6 Shields


You had 4 spell levels left.
You didn't know any spells.

Dungeon Overview and Level Annotations

Branches:
Dungeon (3/15)

Altars:

Annotations:
D:3 Ijyb


Innate Abilities, Weirdness & Mutations

You reflexively headbutt those who attack you in melee.
You have a pair of horns on your head.


Message History

Your amulet of the gourmand unmelds from your body.
You feel a craving for the dungeon's cuisine.
You feel sick.
You feel sick.
Your shield and ring mail prevent you from hitting Ijyb.
Ijyb is lightly wounded.
You block Ijyb's attack.
You barely miss Ijyb. You hit the kobold but do no damage.
You feel sick. You block the kobold's attack. You block Ijyb's attack.
The kobold hits you but does no damage.
Ijyb zaps a wand.
You resist with some effort.
You closely miss Ijyb. You closely miss the kobold.
Your shield and ring mail prevent you from hitting the worm.
You feel sick. You block the kobold's attack. You block Ijyb's attack.
The worm closely misses you.
You are feeling very hungry.
You closely miss Ijyb. You hit the worm. You closely miss the kobold.
You feel sick. You block the kobold's attack. Ijyb closely misses you.
You furiously retaliate!
You headbutt Ijyb. The worm bites you!
You die...

####################
...................#
..............<....#
.........K.........#
........@g.........#
........w..........#
............>......#
.............))(...#
.............)(†...#
.............).....#
...................#
...................#
..................#


You could see Ijyb, a worm and a kobold.

Vanquished Creatures
  An orc priest (D:3)
  An orc wizard (D:3)
  3 adders
  2 leopard geckos
  6 orcs (D:3)
  A giant cockroach (D:1)
  5 goblins
  6 hobgoblins
  A quokka (D:3)
  4 bats
  4 frilled lizards (D:1)
  8 kobolds
  11 rats
53 creatures vanquished.

Notes
Turn   | Place    | Note
-------+----------+-------------------------------------------
     0 | D:1      | mortelune the Minotaur Fighter began the quest for the Orb.
     0 | D:1      | Reached XP level 1. HP: 19/19 MP: 0/0
   205 | D:1      | Reached XP level 2. HP: 27/27 MP: 1/1
   357 | D:1      | You fall through a shaft!
   606 | D:1      | Reached XP level 3. HP: 33/33 MP: 2/2
  1984 | D:3      | Reached XP level 4. HP: 41/41 MP: 3/3
  2131 | D:3      | Noticed Ijyb
  2131 | D:3      | Reached skill level 5 in Fighting
  2131 | D:3      | Reached skill level 5 in Armour
  2131 | D:3      | Reached XP level 5. HP: 26/48 MP: 4/4
  2160 | D:3      | Slain by a worm

Vault maps used:
D:1:      roderic_dead_forest
D:3:      lemuel_round_altar, st_stairs_9, uniq_ijyb

Skill      XL: |  1  2  3  4 |
---------------+-------------+-----
Fighting       | 4 5 |  5.0
Armour         | 4 5 |  5.0
Axes           | 3 4 |  4.1
Shields        | |  3.6

Action                   |  1- 3 |  4- 6 || total
-------------------------+-------+-------++-------
Melee: War axe           |    77 |    34 ||   111
       Headbutt          |    12 |     4 ||    16
       Unarmed           |       |     5 ||     5
  Use: Scroll            |     6 |       ||     6
       Potion            |     1 |       ||     1
  Eat: Chunk             |     3 |       ||     3
Armor: Scale mail        |    20 |       ||    20
       Ring mail         |    17 |    11 ||    28
       Skin              |       |     3 ||     3
Dodge: Dodged            |    24 |    20 ||    44
Block: Shield            |    41 |    29 ||    70

Table legend:
 A = Spawn XP
 B = Non-spawn XP
 C = Spawn XP percentage of total XP
 D = Spawn monster count
 E = Non-spawn monster count
 F = Spawn count percentage of total count
 G = Total turns spent on level
                    A         B        C        D         E        F      G
               +---------+---------+-------+---------+---------+-------+---------
         Total |       0 |     205 |   0.0 |       0 |      53 |   0.0 |  2160
               +---------+---------+-------+---------+---------+-------+---------
           D:1 |       0 |      31 |   0.0 |       0 |      21 |   0.0 |   713
           D:2 |       0 |      39 |   0.0 |       0 |      10 |   0.0 |   983
           D:3 |       0 |     135 |   0.0 |       0 |      22 |   0.0 |   464
               +---------+---------+-------+---------+---------+-------+---------
